 Dungeon Crawl Stone Soup version 0.30.1-1-g62c8e00024 (webtiles) character file.

Game seed: 9239700500194474433

1477 Gorgoleon the Skirmisher (level 8, -5/39 HPs)
             Began as a Spriggan Hunter on July 17, 2023.
             Was a Follower of Okawaru.
             Slain by a steam dragon (8 damage)
             ... on level 6 of the Dungeon on July 18, 2023.
             The game lasted 00:14:03 (5896 turns).

Gorgoleon the Skirmisher (Spriggan Hunter)          Turns: 5896, Time: 00:14:04

Health: -5/39      AC:  2    Str:  7    XL:     8   Next: 49%
Magic:  10/10      EV: 18    Int: 10    God:    Okawaru [*.....]
Gold:   335        SH:  0    Dex: 21    Spells: 7/7 levels left

rFire   . . .        a - +1 shortbow (flame)
rCold   . . .        (shield currently unavailable)
rNeg    . . .        c - +0 robe
rPois   .            (helmet restricted)
rElec   .            (no cloak)
rCorr   .            (gloves unavailable)
SInv    +            (boots unavailable)
Will    +....        (no amulet)
Stlth   ++           (no ring)
HPRegen 0.26/turn    (no ring)
MPRegen 0.12/turn

%: no passive effects
@: mighty, very quick
A: very small, no large weapons, unfitting armour, see invisible, speed 3
a: Renounce Religion, Heroism


You were on level 6 of the Dungeon.
You worshipped Okawaru.
Okawaru was aware of your devotion.
You visited 2 branches of the dungeon, and saw 7 of its levels.

You collected 335 gold pieces.

Inventory:

Hand Weapons
 a - a +1 shortbow of flaming (weapon)
Missiles
 j - a throwing net
Armour
 c - a +0 robe (worn)
Jewellery
 l - a ring of ice
 o - a ring of wizardry
Wands
 d - a wand of light (7)
 i - a wand of charming (9)
Scrolls
 b - 2 scrolls of immolation
 g - a scroll of magic mapping
 k - 4 scrolls of teleportation
 n - a scroll of fog
 q - a scroll of torment {unknown}
 r - a scroll of blinking {unknown}
 s - a scroll of enchant armour {unknown}
 t - 2 scrolls of identify
 u - a scroll of poison {unknown}
 v - a scroll of fear
Potions
 e - a potion of flight
 f - 2 potions of ambrosia
 h - a potion of might
 m - 2 potions of attraction
 p - a potion of magic
 w - a potion of resistance {unknown}


   Skills:
 - Level 2.0 Fighting
 + Level 11.0 Ranged Weapons
 - Level 3.0 Dodging
 - Level 2.0 Stealth
 - Level 2.0 Invocations


You had 7 spell levels left.
You didn't know any spells.
Your spell library contained the following spells:

 Spells                   Type           Power      Damage    Failure   Level
 Slow                     Hex            0%         N/A       36%         1
 Alistair's Intoxication  Tmut/Pois      0%         N/A       100%        5
 Borgnjor's Vile Clutch   Necr/Erth      0%         N/A       100%        5
 Eringya's Noxious Bog    Tmut/Pois      0%         N/A       100%        6


Dungeon Overview and Level Annotations

Branches:
Dungeon (6/15)             Temple (1/1) D:5

Altars:
Ashenzari
Elyvilon
Gozag
Hepliaklqana
Kikubaaqudgha
Makhleb
Nemelex Xobeh
Okawaru
Qazlal
Ru
Trog
Uskayaw
Vehumet
Xom
Yredelemnul
Zin

Shops:
D:1 [   D:4 [=[*


Innate Abilities, Weirdness & Mutations

You are very small and have problems with some larger weapons.
You are too small for most types of armour.
You have supernaturally acute eyesight. (SInv)
You cover ground extremely quickly. (Speed+++)


Message History

The steam dragon breathes steam at you. The ball of steam misses you.
No target in view!
You shoot an arrow. The arrow hits the steam dragon.
The arrow burns the steam dragon.
The steam dragon is heavily wounded.
You shoot an arrow. The arrow hits the steam dragon.
The arrow burns the steam dragon.
The steam dragon is severely wounded.
You shoot an arrow.
The arrow closely misses the steam dragon.
You shoot an arrow.
The arrow closely misses the steam dragon.
The steam dragon barely misses you. The steam dragon completely misses you.
You shoot an arrow.
The arrow closely misses the steam dragon.
The steam dragon bites you. The steam dragon closely misses you.
You shoot an arrow.
The arrow hits the steam dragon but does no damage.
The steam dragon is severely wounded.
The steam dragon breathes steam at you. The ball of steam hits you!!
Ouch! That really hurt!
* * * LOW HITPOINT WARNING * * *
You are too injured to fight recklessly!
Fire: a) +1 shortbow (flame)
Press: ? - help, Q - select action, (/) - cycle Shift-Dir - straight line, f/p - steam dragon
Aim: a steam dragon (severely wounded, catching its breath, 69% to hit)
You shoot an arrow. The arrow hits the steam dragon.
The arrow burns the steam dragon.
The steam dragon is almost dead.
It was a potion of might.
You feel very mighty all of a sudden. The steam dragon bites you!
* * * LOW HITPOINT WARNING * * *
The steam dragon misses you.
You shoot an arrow.
The arrow barely misses the steam dragon.
The steam dragon bites you!
You die...

.....#...........#ยง..#
.....'.....##...####'#
.....#.....##...###..##
.....###...##.........#
###### ######.........#
#..........#
#..........+
#....D.....#
#....@.....# #####+#
########+####+#
..#...##...###
..#...........
..#...........
..#...........
..#...........
..#..........#
..##'###.....# ######


You could see a steam dragon.

Vanquished Creatures
  Sigmund (D:3)
  Edmund (D:4)
  A water moccasin (D:6)
  A black bear (D:5)
  An ogre (D:6)
  A bullfrog (D:6)
  4 scorpions
  A jelly (D:6)
  2 orc priests
  3 hounds
  3 iguanas
  Ijyb (D:5)
  3 orc wizards
  7 gnolls
  7 adders
  A white imp (D:6)
  An ufetubus (D:6)
  2 worms
  2 dart slugs
  11 orcs
  5 bats
  3 endoplasms
  2 giant cockroaches (D:1)
  8 goblins
  11 hobgoblins
  2 jackals (D:2)
  3 quokkas
  6 ball pythons
  3 frilled lizards (D:2)
  6 kobolds
  5 rats
108 creatures vanquished.

Vanquished Creatures (others)
  A human (D:6)
1 creature vanquished.

Grand Total: 109 creatures vanquished

Notes
Turn   | Place    | Note
-------+----------+-------------------------------------------
     0 | D:1      | Gorgoleon the Spriggan Hunter began the quest for the Orb.
     0 | D:1      | Reached XP level 1. HP: 10/10 MP: 2/2
   147 | D:1      | Reached XP level 2. HP: 15/15 MP: 3/3
   200 | D:1      | Found a faded altar of an unknown god.
   208 | D:1      | Got Plato's Almanac of Misfortune
   212 | D:1      | Found Sonout's Armour Shop.
  1275 | D:2      | Reached XP level 3. HP: 18/18 MP: 4/4
  1647 | D:2      | Reached skill level 5 in Ranged Weapons
  1720 | D:2      | Found a hide-covered altar of Uskayaw.
  1906 | D:2      | Reached XP level 4. HP: 23/23 MP: 5/5
  2018 | D:3      | Noticed Sigmund
  2089 | D:3      | Killed Sigmund
  2090 | D:3      | Reached skill level 6 in Ranged Weapons
  2090 | D:3      | Reached XP level 5. HP: 26/26 MP: 6/6
  2278 | D:3      | Found a white marble altar of Elyvilon.
  2426 | D:3      | Reached skill level 7 in Ranged Weapons
  2426 | D:3      | Reached XP level 6. HP: 24/30 MP: 7/7
  2938 | D:4      | Found Osafeaq's Assorted Antiques.
  3139 | D:4      | Reached skill level 8 in Ranged Weapons
  3169 | D:4      | Found Loussazxija's Jewellery Shop.
  3182 | D:4      | Found Ynig's Antique Armour Emporium.
  3215 | D:4      | Found a glowing silver altar of Zin.
  3218 | D:4      | Noticed Edmund
  3261 | D:4      | Killed Edmund
  3262 | D:4      | Reached XP level 7. HP: 35/35 MP: 8/8
  3435 | D:4      | Found a hazy altar of Hepliaklqana.
  3562 | D:4      | Found Izopu's Armour Boutique.
  3601 | D:4      | Reached skill level 9 in Ranged Weapons
  4078 | D:5      | Entered Level 5 of the Dungeon
  4461 | D:5      | Found a staircase to the Ecumenical Temple.
  4470 | Temple   | Entered the Ecumenical Temple
  4572 | Temple   | Became a worshipper of Warmaster Okawaru
  4786 | D:5      | Noticed Ijyb
  4793 | D:5      | Killed Ijyb
  4993 | D:5      | Reached skill level 10 in Ranged Weapons
  4993 | D:5      | Reached skill level 1 in Invocations
  4993 | D:5      | Reached XP level 8. HP: 36/39 MP: 9/9
  5725 | D:6      | Reached * piety under Okawaru
  5765 | D:6      | Found an ancient bone altar of Kikubaaqudgha.
  5873 | D:6      | Reached skill level 11 in Ranged Weapons
  5896 | D:6      | Slain by a steam dragon

Illustrated notes

Levels and vault maps discovered:
D:1:      reono_arrival_mine, layout_basic, shapermc_ecumenical_altar_rom_forum,
          serial_co_window_serial, co_window_of_opportunity_a,
          co_window_paths_b, co_window_of_opportunity_a,
          co_window_of_opportunity_a, co_window_corner_a,
          co_window_of_opportunity_c, co_window_unsneaky_path_c,
          co_window_cross_4, co_window_unsneaky_path_d, co_window_broadway_b,
          co_window_paths_d, co_window_sun, glass_columns_c, glass_columns_a,
          glass_columns_b, glass_columns_a, glass_columns_a, serial_shops, shop
D:2:      layout_basic, basic_altar, mrwooster_statue_mirror
D:3:      layout_loops_ring, elyvilon_altar_4, uniq_sigmund
D:4:      layout_basic, mainiacjoe_overflow_catwalk_spiral, serial_shops, shop,
          nicolae_shop_crystal, nicolae_shop_waterfront, shop,
          minmay_splitting_lines, dreamdust_wishing_well, uniq_edmund
D:5:      layout_layer_cave, minmay_temple_entry_glassed_door, uniq_ijyb
D:6:      layout_gridville, tgw_kikubaaqudgha, uniq_pikel
Temple:   bh_familiar_temple

Skill      XL: |  1  2  3  4  5  6  7  8 |
---------------+-------------------------+-----
Stealth        | 2 |  2.0
Dodging        | 3 |  3.0
Fighting       | 2 |  2.0
Ranged Weapons | 5 6 7 8 10 11 | 11.0
Invocations    | 1 2 |  2.0

Action                     |  1- 3 |  4- 6 |  7- 9 || total
---------------------------+-------+-------+-------++-------
   Fire: Shortbow          |    84 |    90 |   180 ||   354
    Use: Scroll            |       |    10 |     4 ||    14
         Potion            |       |       |     1 ||     1
 Armour: Robe              |     2 |     1 |     3 ||     6
  Dodge: Dodged            |     7 |    17 |    36 ||    60
